 Dungeon Crawl Stone Soup version 0.17-a0-1020-ge683cc4 (console) character file.

79 Monkaria the Skirmisher (level 4, -4/39 HPs)
             Began as a Demonspawn Chaos Knight on May 14, 2015.
             Slain by an orc
             ... wielding a +0 war axe
              (8 damage)
             ... on level 3 of the Dungeon.
             The game lasted 00:02:08 (1567 turns).

Monkaria the Skirmisher (Demonspawn Chaos Knight)   Turns: 1567, Time: 00:02:08

Health: -4/39      AC:  8    Str: 13      XL:     4   Next: 17%
Magic:  4/4        EV: 11    Int: 11 (13) God:    Xom [..*...]
Gold:   81         SH:  0    Dex: 13      Spells: 0 memorised, 3 levels left

rFire  . . .     SeeInvis .     a - +0 falchion (chaos)
rCold  . . .     Clarity  .     b - +2 leather armour
rNeg   . . .     SustAb   .     (no shield)
rPois  .         Gourm    .     (no helmet)
rElec  .         Spirit   .     (no cloak)
rCorr  .         Warding  .     (no gloves)
rMut   .         Stasis   .     (no boots)
MR     .....                    (no amulet)
Stlth  +.........               (no ring)
                                (no ring)

@: not resistant to hostile enchantments, very unstealthy
A: yellow scales 2, powered by pain 1
a: Renounce Religion


You were on level 3 of the Dungeon.
You worshipped Xom.
You were a toy of Xom.
You were not hungry.

You visited 1 branch of the dungeon, and saw 3 of its levels.

You collected 81 gold pieces.

Inventory:

Hand weapons
 a - a +0 falchion of chaos (weapon)
Missiles
 l - 12 poisoned needles
Armour
 b - a +2 leather armour (worn)
Scrolls
 e - a scroll of blinking {unknown}
 i - 2 scrolls of fear {unknown}
 j - a scroll of teleportation {unknown}
 k - a scroll of fog {unknown}
 m - a scroll of random uselessness {unknown}
 p - 4 scrolls of identify {unknown}
 q - a scroll of magic mapping {unknown}
 s - 3 scrolls of enchant weapon {unknown}
Comestibles
 c - 3 bread rations
 d - 2 chunks of flesh
 f - a beef jerky
 g - a slice of pizza
 h - 3 fruits


   Skills:
 - Level 5.0 Fighting
 + Level 2.7 Long Blades
 - Level 1.7 Armour
 - Level 0.8 Dodging


You had 3 spell levels left.
You didn't know any spells.

Dungeon Overview and Level Annotations

Branches:
Dungeon (3/15)

Altars:
Fedhas


Innate Abilities, Weirdness & Mutations

You are mostly covered in yellow scales (AC +3).
You sometimes gain a little power by taking damage.


Message History

You miss the goblin.
The goblin is almost dead.
The orc hits you but does no damage.
Xom's power touches on a nearby monster.
The orc is charmed.
Something hits your orc. Something barely misses your orc.
Your orc barely misses the goblin.
You hit the orc.
You smell something strange.
The orc is severely wounded.
The orc barely misses you.
Your orc closely misses the goblin.
You hit the orc but do no damage.
The orc is severely wounded.
The goblin is no longer moving slowly.
The orc hits you but does no damage.
Your orc closely misses the goblin.
You hit the orc.
The orc is almost dead.
The orc hits you but does no damage.
Your orc barely misses the goblin.
You barely miss the orc.
The orc is almost dead.
The orc hits you with a war axe!
You die...

#.##.....##.#...
#.#.......#.#..
#.#.......#...#
#....._.....(.#####
##.#.......#).......
#..#.......#..#
#######..##.....##..#
#........####.####bo#
#.#)..)#........@og##
#<...##.####.#####
#....##.# #.#
###....##.# #.#
#(.)))....# #.#
#(######### #.# #)#
#.# #รท# #.# #.# ..#


You could see an orc, a goblin, a bat and a friendly orc.

Vanquished Creatures
  An orc wizard (D:3)
  2 adders
  2 giant geckos
  4 orcs (D:3)
  A hobgoblin (D:1)
  6 kobolds
  2 quokkas (D:2)
  5 bats
  2 giant newts (D:1)
  5 goblins
  6 rats
36 creatures vanquished.

Vanquished Creatures (collateral kills)
  An orc (D:3)
1 creature vanquished.

Grand Total: 37 creatures vanquished

Notes
Turn   | Place    | Note
--------------------------------------------------------------
     0 | D:1      | Monkaria the Demonspawn Chaos Knight began the quest for the Orb.
     0 | D:1      | Reached XP level 1. HP: 18/18 MP: 1/1
    43 | D:1      | XOM: harmless Summ miscast
   171 | D:1      | XOM: harmless Conj miscast
   201 | D:1      | Gained mutation: You sometimes gain a little power by taking damage. [demonic ancestry]
   201 | D:1      | Reached XP level 2. HP: 24/24 MP: 2/2
   332 | D:1      | XOM: colour smoke trail
   402 | D:1      | XOM: harmless Erth miscast
   559 | D:2      | XOM: silly message
   695 | D:2      | Reached skill level 4 in Fighting
   818 | D:2      | Gained mutation: You are partially covered in yellow scales (AC +2). [demonic ancestry]
   818 | D:2      | Reached XP level 3. HP: 27/30 MP: 3/3
  1226 | D:3      | XOM: confusion (+ monsters)
  1275 | D:3      | Reached skill level 5 in Fighting
  1275 | D:3      | Gained mutation: You are mostly covered in yellow scales (AC +3). [demonic ancestry]
  1275 | D:3      | Reached XP level 4. HP: 13/39 MP: 4/4
  1538 | D:3      | Found a blossoming altar of Fedhas.
  1563 | D:3      | XOM: enchant monster (good)
  1567 | D:3      | Slain by an orc

Vault maps used:
D:1:      eino_arrival_cavern_d
D:3:      old_standard_altar, serial_bayou_pond_c, amethyst_killhole

Action                   |  1- 3 |  4- 6 || total
-------------------------+-------+-------++-------
Melee: Falchion          |   113 |    15 ||   128
  Use: Potion            |     4 |       ||     4
 Stab: Confused          |     1 |       ||     1
  Eat: Chunk             |       |     2 ||     2
